 Dungeon Crawl Stone Soup version 0.20.1-1-g8b1a95d (webtiles) character file.

62 Nattfarinn the Sneak (level 3, -1/24 HPs)
             Began as a Vampire Enchanter on Aug 1, 2017.
             Slain by a gnoll
             ... wielding a +0 halberd
              (10 damage)
             ... on level 3 of the Dungeon.
             The game lasted 00:04:27 (2974 turns).

Nattfarinn the Sneak (Vampire Enchanter)            Turns: 2974, Time: 00:04:28

Health: -1/24      AC:  2    Str:  7    XL:     3   Next: 85%
Magic:  6/6        EV: 13    Int: 17    God:
Gold:   51         SH:  0    Dex: 15    Spells: 5/6 levels left

rFire    . . .     SeeInvis +   a - +1 dagger
rCold    + . .     Gourm    .   (no shield)
rNeg     + + .     Faith    .   b - +0 robe
rPois    +         Spirit   .   (no helmet)
rElec    .         Reflect  .   (no cloak)
rCorr    .         Harm     .   (no gloves)
MR       .....                  (no boots)
Stlth    ++++......             (no amulet)
Regen    0.1/turn               (no ring)
MPRegen  0.1/turn               (no ring)

@: regenerating slowly
A: fangs 3, see invisible, unbreathing
a: Bat Form


You were on level 3 of the Dungeon.
You were near bloodless.

You visited 1 branch of the dungeon, and saw 3 of its levels.

You collected 51 gold pieces.

Inventory:

Hand Weapons
 a - a +1 dagger (weapon)
Armour
 b - a +0 robe (worn)
Jewellery
 o - an uncursed amulet of magic regeneration {unknown}
Scrolls
 e - a scroll of magic mapping {unknown}
 f - 6 scrolls of identify {unknown}
 i - a scroll of immolation {unknown}
 j - a scroll of fear {unknown}
 m - a scroll of random uselessness {unknown}
 p - a scroll of amnesia {unknown}
Potions
 d - 11 potions of blood
 g - 2 potions of mutation {unknown}
 h - a potion of haste {unknown}
 k - a potion of heal wounds {unknown}
 l - a potion of cancellation {unknown}
 n - a potion of brilliance {unknown}
 q - a potion of magic {unknown}
Books
 c - a book of Maledictions

   Spells                             Type                      Level
   a - Corona                         Hexes                        1
   b - Ensorcelled Hibernation        Hexes/Ice                    2
   c - Confuse                        Hexes                        3
   d - Tukima's Dance                 Hexes                        3
   e - Dazzling Spray                 Conjuration/Hexes            3


   Skills:
 - Level 1.1 Short Blades
 - Level 2.1 Dodging
 * Level 6.7 Stealth
 - Level 2.0 Spellcasting
 + Level 5.2 Hexes


You had 5 spell levels left.
You knew the following spells:

 Your Spells              Type           Power        Failure   Level  Hunger
a - Corona                Hex            ###....      2%          1    #......


Dungeon Overview and Level Annotations

Branches:
Dungeon (3/15)

Altars:


Innate Abilities, Weirdness & Mutations

You heal slowly.
You have razor-sharp teeth.
You have supernaturally acute eyesight. (SInv)
You can survive without breathing.


Message History

The gnoll is heavily wounded.
The gnoll barely misses you.
The kobold moves out of view.
The gnoll hits you with a halberd.
You hit the gnoll but do no damage.
The gnoll is heavily wounded.
The gnoll hits you with a spear.
You hit the gnoll but do no damage.
The gnoll is heavily wounded.
The gnoll misses you. The gnoll barely misses you.
You hit the gnoll but do no damage.
The gnoll is heavily wounded.
The gnoll misses you. The gnoll closely misses you.
A gnoll comes into view. It is wielding a spear.
You hit the gnoll but do no damage.
The gnoll is heavily wounded.
The gnoll misses you. The gnoll closely misses you.
The gnoll moves out of view.
The gnoll completely misses you.
The gnoll hits you from afar with a halberd!
You die...

####### ###########
#..... ........... ...
. ###.####.# #.#.# #.#
#.########.#.##
###.####.##..[..@.gK.#
.......#.##.#####.#g.#
###.##......# #g# ...
.(..##......# #.# .
######.....># #.. #
#.....## ### #.....#
###.### ..#


You could see 3 gnolls and a kobold.

Vanquished Creatures
  2 worms
  3 dart slugs
  2 leopard geckos (D:2)
  An orc (D:3)
  5 giant cockroaches
  4 goblins
  6 hobgoblins
  A quokka (D:2)
  9 bats
  5 frilled lizards
  5 kobolds
  5 rats
48 creatures vanquished.

Notes
Turn   | Place    | Note
-------+----------+-------------------------------------------
     0 | D:1      | Nattfarinn the Vampire Enchanter began the quest for the Orb.
     0 | D:1      | Reached XP level 1. HP: 13/13 MP: 3/3
   666 | D:1      | Reached skill level 5 in Stealth
   841 | D:1      | Reached XP level 2. HP: 19/19 MP: 5/5
  1676 | D:2      | Reached skill level 5 in Hexes
  1695 | D:2      | Reached XP level 3. HP: 11/24 MP: 6/6
  2070 | D:2      | Reached skill level 6 in Stealth
  2974 | D:3      | Slain by a gnoll

Skill      XL: |  1  2  3 |
---------------+----------+-----
Stealth        | 5 6 |  6.7
Hexes          | 5 |  5.2
Short Blades   | |  1.1
Dodging        | |  2.1
Spellcasting   | |  2.0

Action                   || total
-------------------------++-------
Melee: Dagger            ||   185
       Bite              ||    10
 Cast: Corona            ||     3
  Use: Potion            ||     2
 Stab: Sleeping          ||    17
Armor: Robe              ||    34
Dodge: Dodged            ||   147
